 Dungeon Crawl Stone Soup version 0.30-a0-141-g30f27751c5 (webtiles) character file.

Game seed: 12530789464440900412

102 qw the Chopper (level 4, -2/28 HPs)
             Began as a Gargoyle Fighter on Sept 25, 2022.
             Slain by Natasha (3 damage)
             ... on level 3 of the Dungeon.
             The game lasted 00:00:52 (2243 turns).

qw the Chopper (Gargoyle Fighter)                   Turns: 2243, Time: 00:00:53

Health: -2/28      AC: 16    Str: 22    XL:     4   Next: 78%
Magic:  4/4        EV:  7    Int:  8    God:
Gold:   176        SH:  9    Dex:  9    Spells: 3/3 levels left

rFire   . . .      SeeInvis .    Y - +1 war axe
rCold   . . .      Faith    .    c - +0 buckler
rNeg    + . .      Spirit   .    e - +0 chain mail
rPois   inf        Reflect  +    f - +1 helmet
rElec   +          Harm     .    a - +0 cloak
rCorr   .          Rampage  .    (no gloves)
Will    .....                    (no boots)
Stlth   ..........               i - amulet of reflection
HPRegen 0.09/turn                (no ring)
MPRegen 0.09/turn                (no ring)

@: slowed, very slow
A: sickness immunity, AC +3, negative energy resistance 1, electricity
resistance, torment resistance 1, petrification resistance
a: no special abilities


You were on level 3 of the Dungeon.
You visited 1 branch of the dungeon, and saw 3 of its levels.

You collected 176 gold pieces.


Innate Abilities, Weirdness & Mutations

You are immune to sickness and miasma.
Your stone body is resilient. (AC +3)
You are immune to poison.
You resist negative energy. (rN+)
You are resistant to electric shocks. (rElec)
You are resistant to unholy torment.
You are immune to petrification.


   Skills:
 - Level 3.2 Fighting
 + Level 4.4 Axes
 - Level 3.2 Armour
 - Level 3.2 Shields


You had 3 spell levels left.
You didn't know any spells.
Your spell library was empty.

Inventory:

Hand Weapons
 m - a +0 morningstar
 Y - a +1 war axe (weapon)
Missiles
 o - 3 silver boomerangs (quivered)
Armour
 a - a +0 cloak (worn)
 c - a +0 buckler (worn)
 e - a +0 chain mail (worn)
 f - a +1 helmet (worn)
Jewellery
 i - an amulet of reflection (around neck)
Scrolls
 l - a scroll of identify
Potions
 d - a potion of might
 g - a potion of flight {unknown}
 j - a potion of cancellation
 k - a potion of curing {unknown}
 n - a potion of degeneration {unknown}
 p - a potion of berserk rage {unknown}

Dungeon Overview and Level Annotations

Branches:
Dungeon (3/15)

Altars:
Kikubaaqudgha

Annotations:
D:3 1 transporter, Natasha; qw's ghost, weakling GrFi


Message History

Found a spear.
Found 5 stones.
You see here a +0 spear.
Natasha hisses angrily.
Natasha stares at you and mumbles some strange words.
The magic dart hits you but does no damage.
2230 ||| Stepping ~*~*~tactically~*~*~ (hiding).
You start waiting.
Natasha is nearby!
You closely miss Natasha. Natasha claws you but does no damage.
Natasha claws you!
You closely miss Natasha. Natasha barely misses you.
You barely miss Natasha. Natasha claws you.
You miss Natasha. Natasha closely misses you. Natasha casts a spell at you.
The magic dart hits you.
You slash Natasha!
Natasha is almost dead.
Natasha stares at you and mumbles some strange words.
You feel yourself slow down.
You completely miss Natasha.
Natasha is almost dead.
You block Natasha's attack.
Natasha casts a spell.
You closely miss Natasha.
Natasha is almost dead.
You miss the crimson imp. Natasha claws you but does no damage.
The crimson imp blinks!
Natasha claws you but does no damage.
You hit Natasha.
Natasha is almost dead.
Natasha claws you. Natasha claws you but does no damage.
You barely miss Natasha.
Natasha is almost dead.
Natasha stares at you and mumbles some strange words.
The magic dart hits you.
The crimson imp blinks!
Natasha claws you.
You die...

####...:.........#
#..#..##.#
#....#######[.#
#.........
#...#######..#
#)%#..####
...........#
....#..#
#.##.###..#......
...
#.........#ยค.##.#(
###
####..##..........
#..####..##........#
.
#.......)@h......###
#.......###...5.....
#.......# >###.#.##
#.......# #.# .#.#
#........ .. #
#........ ..
#..(..... ...
###....... ...


You could see Natasha and a crimson imp (summoned).

Vanquished Creatures
  Natasha (D:3)
  Robin (D:2)
  A gnoll (D:1)
  An adder (D:3)
  2 orcs (D:3)
  4 bats
  An endoplasm (D:1)
  3 giant cockroaches
  8 goblins
  7 hobgoblins
  2 ball pythons (D:3)
  2 frilled lizards (D:1)
  5 kobolds
  6 rats
44 creatures vanquished.

Notes
Turn   | Place    | Note
-------+----------+-------------------------------------------
     0 | D:1      | qw the Gargoyle Fighter began the quest for the Orb.
     0 | D:1      | Reached XP level 1. HP: 14/14 MP: 1/1
     0 | D:1      | 0 ||| qw: Version: 0.2-a-10-g399e6c4
     0 | D:1      | 0 ||| qw: Game counter: 383
     0 | D:1      | 0 ||| qw: Always use a shield: true
     0 | D:1      | 0 ||| qw: God list: Okawaru
     0 | D:1      | 0 ||| qw: Allow faded altars: false
     0 | D:1      | 0 ||| qw: Do Orc after D:15 true
     0 | D:1      | 0 ||| qw: Do second Lair branch before Depths: true
     0 | D:1      | 0 ||| qw: Lair rune preference: random
     0 | D:1      | 0 ||| qw: Plans: Normal, Zot:1-4, God:TSO, Crypt, Tomb,
                  | Pan, Slime:5, Hells, Abyss, Orb
     0 | D:1      | 0 ||| PLANNING D:1-11
   124 | D:1      | Reached skill level 2 in Axes
   141 | D:1      | Reached XP level 2. HP: 19/19 MP: 2/2
   262 | D:1      | Found a faded altar of an unknown god.
   797 | D:1      | 797 ||| READING scroll labelled AXTUIX NASUUPT.
   798 | D:1      | 798 ||| READING scroll labelled ATWOIL OBBEXYMN.
   844 | D:1      | 844 ||| READING scroll labelled RUEHUT GEGEA.
   906 | D:2      | 906 ||| Stepping ~*~*~tactically~*~*~ (stealth).
   908 | D:2      | Reached skill level 3 in Axes
   931 | D:2      | 931 ||| Stepping ~*~*~tactically~*~*~ (stealth).
   940 | D:2      | 940 ||| Stepping ~*~*~tactically~*~*~ (stealth).
   944 | D:2      | Reached XP level 3. HP: 23/23 MP: 3/3
   945 | D:2      | 945 ||| Stepping ~*~*~tactically~*~*~ (stealth).
   951 | D:2      | Noticed Robin
   952 | D:2      | 952 ||| Stepping ~*~*~tactically~*~*~ (hiding).
   954 | D:2      | 954 ||| Stepping ~*~*~tactically~*~*~ (hiding).
   956 | D:2      | 956 ||| Stepping ~*~*~tactically~*~*~ (hiding).
   979 | D:2      | Killed Robin
  1216 | D:2      | 1216 ||| DROPPING +0 club.
  1244 | D:2      | 1244 ||| Stepping ~*~*~tactically~*~*~ (stealth).
  1415 | D:2      | 1415 ||| Stepping ~*~*~tactically~*~*~ (stealth).
  1419 | D:2      | 1419 ||| Stepping ~*~*~tactically~*~*~ (stealth).
  1420 | D:2      | 1420 ||| Stepping ~*~*~tactically~*~*~ (stealth).
  1694 | D:2      | 1694 ||| Stepping ~*~*~tactically~*~*~ (stealth).
  1705 | D:2      | 1705 ||| Stepping ~*~*~tactically~*~*~ (stealth).
  1788 | D:2      | 1788 ||| UPGRADING to +0 cloak.
  1793 | D:2      | 1793 ||| UPGRADING to +1 helmet.
  1798 | D:2      | 1798 ||| READING scroll labelled SEYR ZATOFAA.
  1799 | D:2      | 1799 ||| READING scroll labelled DEJUOSEURR.
  1800 | D:2      | 1800 ||| READING scroll labelled JOPAKU ARAPO.
  1804 | D:2      | 1804 ||| READING scroll labelled DIRANK JIUKLI.
  1805 | D:2      | 1805 ||| DRINKING 2 grey potions.
  1848 | D:3      | 1848 ||| STAIRDANCE
  1853 | D:2      | Reached XP level 4. HP: 28/28 MP: 4/4
  1910 | D:3      | 1910 ||| DROPPING +0 mace.
  1942 | D:3      | Noticed qw's ghost (weakling GrFi)
  1943 | D:3      | Found a transporter.
  1944 | D:3      | Identified the +10 dire flail "Widowermaker" {antimagic,
                  | rElec}
  1944 | D:3      | Noticed an ogre
  1978 | D:3      | Found an ancient bone altar of Kikubaaqudgha.
  2059 | D:3      | Noticed Natasha
  2060 | D:3      | 2060 ||| Stepping ~*~*~tactically~*~*~ (hiding).
  2069 | D:3      | Killed Natasha
  2070 | D:3      | Reached skill level 4 in Axes
  2125 | D:3      | Noticed Natasha
  2126 | D:3      | 2126 ||| FLEEEEING.
  2135 | D:3      | 2135 ||| STAIRDANCE
  2186 | D:2      | 2186 ||| UPGRADING to +0 chain mail.
  2196 | D:2      | 2196 ||| DROPPING +0 scale mail.
  2197 | D:2      | 2197 ||| UPGRADING to amulet of reflection.
  2202 | D:2      | 2202 ||| READING scroll labelled PIDOHI AMOCO.
  2230 | D:3      | 2230 ||| Stepping ~*~*~tactically~*~*~ (hiding).
  2242 | D:3      | HP: 7/28 [Natasha (6)]
  2243 | D:3      | HP: 1/28 [Natasha/magic dart (6)]
  2243 | D:3      | Slain by Natasha

Levels and vault maps discovered:
D:1:      eino_arrival_tree_alley, layout_basic,
          shapermc_ecumenical_altar_ellora, amethyst_killhole,
          nicolae_grassy_gnolls
D:2:      layout_loops_cross, uniq_robin
D:3:      layout_basic, amcnicky_altar_gilded, gammafunk_ghost_smash,
          uniq_crazy_yiuf_cottage, uniq_natasha

Skill      XL: |  1  2  3  4 |
---------------+-------------+-----
Axes           | 2 3 4 |  4.4
Fighting       | |  3.2
Armour         | |  3.2
Shields        | |  3.2

Action                   |  1- 3 |  4- 6 || total
-------------------------+-------+-------++-------
Melee: War axe           |   101 |    29 ||   130
  Use: Scroll            |     7 |     1 ||     8
       Potion            |     1 |       ||     1
Armor: Scale mail        |    51 |    14 ||    65
       Chain mail        |       |     5 ||     5
Dodge: Dodged            |    41 |    15 ||    56
Block: Buckler           |    15 |     5 ||    20

Table legend:
 A = Non-vault XP
 B = Vault XP
 C = Vault XP percentage of total XP
 D = Non-vault monster count
 E = Vault monster count
 F = Vault count percentage of total count
                 A         B        C        D         E       F
            +---------+---------+-------+---------+---------+-------
      Total |      65 |      82 |  55.8 |      33 |      11 |  25.0
            +---------+---------+-------+---------+---------+-------
        D:1 |      13 |      14 |  51.9 |       9 |       1 |  10.0
        D:2 |      23 |      32 |  58.2 |      14 |       9 |  39.1
        D:3 |      29 |      36 |  55.4 |      10 |       1 |   9.1
            +---------+---------+-------+---------+---------+-------
